 Dungeon Crawl Stone Soup version 0.26-a0-18-g135ff06667 (webtiles) character file.

Game seed: 12320471280644229855, levelgen mode: deterministic

592 Mrkan the Cudgeler (level 7, -7/44 HPs)
             Began as a Gargoyle Fighter on May 25, 2020.
             Was an Initiate of Gozag.
             Mangled by an orc warrior
             ... wielding a +0 glaive
              (9 damage)
             ... on level 6 of the Dungeon.
             The game lasted 00:05:41 (4445 turns).

Mrkan the Cudgeler (Gargoyle Fighter)               Turns: 4445, Time: 00:05:42

Health: -7/44      AC: 18    Str: 20    XL:     7   Next: 39%
Magic:  7/7        EV:  5    Int:  9    God:    Gozag
Gold:   785        SH:  9    Dex: 10    Spells: 6/6 levels left

rFire    . . .     SeeInvis .   a - +0 flail
rCold    . . .     Gourm    .   c - +0 kite shield
rNeg     + . .     Faith    .   l - +0 chain mail
rPois    ∞         Spirit   .   x - +0 helmet
rElec    +         Reflect  .   (no cloak)
rCorr    .         Harm     .   m - +0 pair of gloves
MR       .....                  y - +0 pair of boots
Stlth    ..........             (no amulet)
HPRegen  0.14/turn              (no ring)
MPRegen  0.10/turn              (no ring)

@: mighty, gold aura
A: negative energy resistance 1, electricity resistance, unbreathing,
petrification resistance, rot immunity, AC +4
a: Potion Petition, Call Merchant, Bribe Branch, Renounce Religion


You were on level 6 of the Dungeon.
You worshipped Gozag.
Gozag was pleased with you.
You were not hungry.

You visited 1 branch of the dungeon, and saw 7 of its levels.

You collected 820 gold pieces.
You paid 35 gold pieces to Gozag.

Inventory:

Hand Weapons
 a - a +0 flail (weapon)
Armour
 c - a +0 kite shield (worn)
 l - a +0 chain mail (worn)
 m - a +0 pair of gloves (worn)
 x - a +0 helmet (worn)
 y - a +0 pair of boots (worn)
Jewellery
 o - a cursed ring of teleportation {unknown}
 t - an uncursed amulet of reflection {unknown}
 z - an uncursed ring of see invisible {unknown}
 A - a cursed -4 ring of evasion {unknown}
Wands
 w - a wand of iceblast (11)
Scrolls
 b - 4 scrolls of remove curse
 g - 2 scrolls of amnesia {unknown}
 h - 3 scrolls of immolation {unknown}
 j - a scroll of fog {unknown}
 k - a scroll of enchant armour {unknown}
 p - 10 scrolls of identify {unknown}
 q - a scroll of noise {unknown}
 s - a scroll of blinking {unknown}
 v - 2 scrolls of teleportation {unknown}
Potions
 d - 3 potions of might
 e - a potion of ambrosia {unknown}
 i - a potion of magic {unknown}
 n - 3 potions of haste {unknown}
 r - a potion of stabbing {unknown}
 u - a potion of berserk rage {unknown}
Comestibles
 f - 8 rations


   Skills:
 + Level 4.9 Fighting
 * Level 5.2 Maces & Flails
 + Level 5.0 Armour
 + Level 5.0 Shields


You had 6 spell levels left.
You didn't know any spells.
Your spell library was empty.

Dungeon Overview and Level Annotations

Branches:
Dungeon (7/15)
 Temple: D:4-7

Altars:
Gozag
Makhleb
Nemelex Xobeh
Sif Muna


Innate Abilities, Weirdness & Mutations

You are resistant to torment.
Your stone body is resilient. (AC +4)
You are immune to poison.
You resist negative energy. (rN+)
You are resistant to electric shocks. (rElec)
You can survive without breathing.
You are immune to petrification.
You are immune to rotting.


Message History

You hit the orc.
You kill the orc!
The orc is no longer distracted by gold.
The hound closely misses you. The orc warrior barely misses you.
You block the hound's attack.
You hit the orc but do no damage. You block the hound's attack.
The orc hits you but does no damage. You block the orc warrior's attack.
You block the hound's attack.
You sock the orc!
You kill the orc!
The hound barely misses you.
The orc warrior hits you from afar with a +0 glaive.
* * * LOW HITPOINT WARNING * * *
The hound bites you but does no damage.
Items here: $ )))) [[[ Your chain mail prevents you from hitting the orc warrior.
The hound becomes distracted by the nearby gold, dreaming of imaginary riches.
The orc warrior hits you with a +0 glaive!
You die...
Your body crumbles into a pile of gold.

+........#
#.....#........#
##.....#........#
#......#..(.....#
#...... #./.....#
+...... #..>....#
#..... #...$...+
##.....##.......#
#......h@o......#
#......##.......#
#...... #########
##..... #.....
#..... #.....
......


You could see an orc warrior and a hound (unaware).

Vanquished Creatures
  Menkaure (D:4)
  An ogre (D:4)
  A crimson imp (D:7)
  An orc priest (D:6)
  Natasha (D:4)
  An iguana (D:4)
  3 worker ants
  Robin (D:4)
  3 gnolls (D:3)
  2 adders
  A shadow imp (D:5)
  An adder skeleton (D:5)
  3 worms
  2 leopard geckos
  21 orcs
  2 ball pythons (D:3)
  2 giant cockroaches (D:1)
  8 hobgoblins
  8 jackals (D:3)
  3 quokkas
  5 bats
  3 frilled lizards
  18 goblins
  11 kobolds
  9 rats
112 creatures vanquished.

Notes
Turn   | Place    | Note
-------+----------+-------------------------------------------
     0 | D:1      | Mrkan the Gargoyle Fighter began the quest for the Orb.
     0 | D:1      | Reached XP level 1. HP: 14/14 MP: 1/1
    74 | D:1      | Reached XP level 2. HP: 11/19 MP: 2/2
   659 | D:2      | Reached XP level 3. HP: 23/23 MP: 3/3
   695 | D:2      | Found a sparkling altar of Nemelex Xobeh.
   695 | D:2      | Found an opulent altar of Gozag.
   722 | D:2      | Became a worshipper of Gozag Ym Sagoz the Greedy
  1117 | D:2      | Found a burning altar of Makhleb.
  1422 | D:3      | Reached XP level 4. HP: 29/29 MP: 4/4
  1760 | D:3      | Reached XP level 5. HP: 23/33 MP: 5/5
  2332 | D:4      | Noticed Natasha
  2370 | D:4      | Killed Natasha
  2630 | D:4      | Noticed Menkaure
  2638 | D:4      | Killed Menkaure
  2638 | D:4      | Reached XP level 6. HP: 33/39 MP: 6/6
  3348 | D:4      | Noticed Robin
  3397 | D:4      | Killed Robin
  3556 | D:4      | Reached XP level 7. HP: 30/44 MP: 7/7
  3779 | D:4      | Found a shimmering blue altar of Sif Muna.
  3929 | D:5      | Entered Level 5 of the Dungeon
  4187 | D:5      | Reached skill level 5 in Maces & Flails
  4316 | D:5      | You fall into a shaft and drop 2 floors!
  4435 | D:6      | Reached skill level 5 in Armour
  4435 | D:6      | Reached skill level 5 in Shields
  4443 | D:6      | HP: 2/44 [orc warrior/+0 glaive (5)]
  4445 | D:6      | Mangled by an orc warrior

Illustrated notes

Levels and vault maps discovered:
D:1:      dpeg_arrival_shrine, layout_rooms, minmay_pentomino_s4
D:2:      layout_rooms, grunt_temple_overflow_opulence, lemuel_crystal_altar
D:3:      layout_basic, grunt_ministairs_7
D:4:      layout_cave_pods, lemuel_blue_sif_altar, uniq_menkaure, uniq_natasha,
          uniq_robin
D:5:      layout_basic, gammafunk_temple_overflow_wave, first_ration,
          kennysheep_generic_room_13
D:6:      layout_gridville, kennysheep_little_box, basic_altar,
          nicolae_elemental_shop
D:7:      layout_layer_cave, minmay_temple_entry_poolview, supply_closet_lemuel,
          guppyfry_early_elven_hall, uniq_harold

Skill      XL: |  1  2  3  4  5  6  7 |
---------------+----------------------+-----
Maces & Flails | 3 4 5 |  5.2
Shields        | 4 5 |  5.0
Fighting       | 4 |  4.9
Armour         | 4 5 |  5.0

Action                   |  1- 3 |  4- 6 |  7- 9 || total
-------------------------+-------+-------+-------++-------
Melee: Flail             |   178 |   266 |    84 ||   528
  Use: Scroll            |       |     1 |       ||     1
       Potion            |       |       |     1 ||     1
  Eat: Ration            |       |     3 |     1 ||     4
Armor: Scale mail        |    60 |       |       ||    60
       Chain mail        |    69 |   184 |    40 ||   293
Dodge: Dodged            |    39 |    53 |    23 ||   115
Block: Kite shield       |   119 |   160 |    49 ||   328

Table legend:
 A = Non-vault XP
 B = Vault XP
 C = Vault XP percentage of total XP
 D = Non-vault monster count
 E = Vault monster count
 F = Vault count percentage of total count
                 A         B        C        D         E       F
            +---------+---------+-------+---------+---------+-------
      Total |     562 |     284 |  33.6 |      92 |      20 |  17.9
            +---------+---------+-------+---------+---------+-------
        D:1 |      24 |       5 |  17.2 |      16 |       4 |  20.0
        D:2 |      23 |       0 |   0.0 |      12 |       0 |   0.0
        D:3 |     141 |       3 |   2.1 |      43 |       2 |   4.4
        D:4 |     209 |     240 |  53.5 |       7 |      13 |  65.0
        D:5 |      35 |      36 |  50.7 |       8 |       1 |  11.1
        D:6 |      50 |       0 |   0.0 |       4 |       0 |   0.0
        D:7 |      80 |       0 |   0.0 |       2 |       0 |   0.0
            +---------+---------+-------+---------+---------+-------
